 Dungeon Sprint DCSS version 0.18.1-48-g4cf74bf (webtiles) character file.

966 loralnil the Nimble (level 7, -3/81 HPs)
             Began as a Troll Berserker on Sept 12, 2016.
             Was a Follower of Jiyva.
             Slain by a centaur warrior (6 damage)
             ... in the Dungeon (Sprint I: "Red Sonja").
             The game lasted 00:02:27 (490 turns).

loralnil the Nimble (Troll Berserker)                Turns: 490, Time: 00:02:27

Health: -3/81      AC:  5    Str: 28    XL:     7   Next: 93%
Magic:  6/6        EV: 13    Int:  3    God:    Jiyva [*.....]
Gold:   415        SH:  0    Dex:  9    Spells: 0 memorised, 6 levels left

rFire  . . .     SeeInvis .       - Unarmed
rCold  . . .     Gourm    +     a - +0 animal skin
rNeg   . . .     Faith    .     (no shield)
rPois  .         Spirit   .     (helmet restricted)
rElec  .         Dismiss  .     (no cloak)
rCorr  .         Reflect  .     (gloves unavailable)
SustAt .         Harm     .     (boots unavailable)
MR     .....     NoTele   +     (no amulet)
Stlth  +.........               (no ring)
                                (no ring)

@: not resistant to hostile enchantments, very unstealthy
A: unfitting armour, claws 3, fast metabolism 3, gourmand, regeneration 2,
shaggy fur 1, tough skin 2
a: Request Jelly, Renounce Religion


You were in the Dungeon.
You worshipped Jiyva.
Jiyva was aware of your devotion.
You were not hungry.

You visited 1 branch You collected 415 gold pieces.

Inventory:

Armour
 a - a +0 animal skin (worn)
Scrolls
 h - a scroll of blinking
Potions
 c - a potion of curing
 d - a potion of heal wounds
 e - a potion of haste
 f - 2 potions of magic
 g - a potion of berserk rage
Comestibles
 b - a bread ration


   Skills:
 + Level 8.5 Fighting
 + Level 9.8 Dodging
 + Level 9.7 Unarmed Combat


You had 6 spell levels left.
You didn't know any spells.

Dungeon Overview and Level Annotations

Branches:
Dungeon (1/1)

Altars:
Cheibriados
Dithmenos
Fedhas
Sif Muna
Vehumet
Jiyva


Innate Abilities, Weirdness & Mutations

You are too large for most types of armour.
You have claws for hands.
Your metabolism is lightning-fast.
You like to eat raw meat.
You heal very quickly.
You are covered in fur (AC +1).
You have very tough skin (AC +2).


Message History

The centaur warrior barely misses you. The centaur warrior hits you.
You scratch the centaur warrior but do no damage.
The centaur warrior is moderately wounded.
The centaur warrior hits you. The centaur warrior hits you!
* * * LOW HITPOINT WARNING * * *
You claw the centaur warrior!
The centaur warrior is heavily wounded.
The centaur warrior closely misses you. The centaur warrior hits you.
* * * LOW HITPOINT WARNING * * *
You claw the centaur warrior!
The centaur warrior is severely wounded.
The centaur warrior hits you but does no damage.
The centaur warrior closely misses you. The centaur warrior hits you.
* * * LOW HITPOINT WARNING * * *
You claw the centaur warrior!
The centaur warrior is almost dead.
The centaur warrior hits you!
* * * LOW HITPOINT WARNING * * *
The centaur warrior hits you.
You die...

########################
.#..)..#..').#__#..)...#
.').#..').#..'..'..#.4.#
.#####'#####.#__####K.4+
.# #..#...#.####§§#####
.# ####..##.#≈≈§c§# .#
##'#..'§§@c§+ ⌠#
+..._#§≈§§§# ##
#_.#'##+#### ##.#.#
#.### ... ... ##.## #'#


You could see 2 centaur warriors.

Vanquished Creatures
  2 kobold demonologists (D)
  A slime creature (D)
  Sigmund (D)
  An ogre (D)
  Ijyb (D)
6 creatures vanquished.

Vanquished Creatures (others)
  Sonja (D)
  A giant eyeball (D)
  2 jellies (D)
  2 giant spores (D)
6 creatures vanquished.

Grand Total: 12 creatures vanquished

Notes
Turn   | Place    | Note
--------------------------------------------------------------
     0 | D        | loralnil the Troll Berserker began the quest for the Orb.
     0 | D        | Reached XP level 1. HP: 22/22 MP: 0/0
     3 | D        | Noticed Ijyb
    27 | D        | Killed Ijyb
    27 | D        | Reached XP level 2. HP: 22/31 MP: 1/1
    45 | D        | Noticed an ogre
    49 | D        | Killed an ogre
    49 | D        | Reached ** piety under Trog
    49 | D        | Reached skill level 5 in Dodging
    49 | D        | Reached skill level 5 in Unarmed Combat
    49 | D        | Reached XP level 3. HP: 41/41 MP: 2/2
    49 | D        | Reached XP level 4. HP: 49/49 MP: 3/3
    96 | D        | Noticed Sigmund
   104 | D        | Killed Sigmund
   104 | D        | Reached XP level 5. HP: 59/59 MP: 4/4
   153 | D        | Found a snail-covered altar of Cheibriados.
   153 | D        | Found a viscous altar of Jiyva.
   153 | D        | Found a shadowy altar of Dithmenos.
   153 | D        | Found a blossoming altar of Fedhas.
   153 | D        | Noticed a slime creature
   165 | D        | Killed a slime creature
   165 | D        | Reached XP level 6. HP: 25/71 MP: 5/5
   242 | D        | Fell from the grace of Trog
   242 | D        | Became a worshipper of Jiyva Jumufy the Shapeless
   258 | D        | Noticed a kobold demonologist
   258 | D        | Noticed a giant eyeball
   262 | D        | Noticed a kobold demonologist
   263 | D        | Noticed an orange demon
   263 | D        | Killed a giant eyeball
   264 | D        | Noticed a sixfirhy
   264 | D        | Reached * piety under Jiyva
   266 | D        | Noticed an ice devil
   270 | D        | Noticed a smoke demon
   276 | D        | Killed a kobold demonologist
   276 | D        | Reached XP level 7. HP: 17/80 MP: 6/6
   281 | D        | Found a deep blue altar of Sif Muna.
   288 | D        | Killed Sonja
   298 | D        | Killed a kobold demonologist
   445 | D        | Found a radiant altar of Vehumet.
   483 | D        | Noticed a centaur warrior
   483 | D        | Noticed a centaur warrior
   490 | D        | HP: 3/81 [centaur warrior (12)]
   490 | D        | Slain by a centaur warrior

Skill      XL: |  1  2  3  4  5  6 |
---------------+-------------------+-----
Fighting       | 3 4 6 7 8 |  8.5
Dodging        | 3 5 7 8 9 |  9.8
Unarmed Combat | 4 5 7 8 9 |  9.7

Action                   |  1- 3 |  4- 6 |  7- 9 || total
-------------------------+-------+-------+-------++-------
Melee: Unarmed           |    26 |    32 |    18 ||    76
       Punch             |       |     1 |       ||     1
Invok: Berserk           |     1 |     1 |       ||     2
  Eat: Chunk             |       |     3 |       ||     3
       Bread ration      |       |       |     1 ||     1
Armor: Animal skin       |     4 |     6 |     5 ||    15
Dodge: Dodged            |    10 |    15 |     5 ||    30
